 Dungeon Crawl Stone Soup version 0.28-a0-1182-g381e24db82 (webtiles) character file.

Game seed: 11769280480340790966

4 LadyOphelia the Grave Robber (level 1, 10/15 HPs)
             Began as a Deep Dwarf Necromancer on Dec 17, 2021.
             Quit the game on level 1 of the Dungeon.
             The game lasted 00:03:01 (2169 turns).

LadyOphelia the Grave Robber (DDNe)                 Turns: 2169, Time: 00:03:01

Health: 10/15      AC:  2    Str: 11    XL:     1   Next: 50%
Magic:  3/3        EV: 12    Int: 15    God:
Gold:   0          SH:  0    Dex: 13    Spells: 1/3 levels left

rFire   . . .      SeeInvis .   d - +0 whip
rCold   . . .      Faith    .   (no shield)
rNeg    . . .      Spirit   .   a - +0 robe
rPois   .          Reflect  .   (no helmet)
rElec   .          Harm     .   (no cloak)
rCorr   .          Rampage  .   (no gloves)
Will    .....                   (no boots)
Stlth   ++........              (no amulet)
HPRegen 0.00/turn               (no ring)
MPRegen 0.08/turn               (no ring)

@: no status effects
A: damage resistance, heal wounds, sense surroundings 1, no regeneration
a: Heal Wounds


You were on level 1 of the Dungeon.
You visited 1 branch of the dungeon, and saw 1 of its levels.

Inventory:

Hand Weapons
 d - a +0 whip (weapon)
Armour
 a - a +0 robe (worn)
Jewellery
 c - an amulet of faith
Scrolls
 b - a scroll of brand weapon {unknown}
 e - a scroll of silence {unknown}


   Skills:
 + Level 2.2 Dodging
 + Level 2.4 Stealth
 + Level 1.7 Spellcasting
 + Level 4.6 Necromancy


You had one spell level left.
You knew the following spells:

 Your Spells              Type           Power      Damage    Failure   Level
a - Pain                  Necr           60%        1d7       3%          1
b - Animate Skeleton      Necr           30%        N/A       3%          1

Your spell library contained the following spells:

 Spells                   Type           Power      Damage    Failure   Level
 Vampiric Draining        Necr           15%        2d7       10%         3
 Animate Dead             Necr           7%         N/A       32%         4
 Agony                    Necr           15%        N/A       67%         5


Dungeon Overview and Level Annotations

Branches:
Dungeon (1/15)

Altars:


Innate Abilities, Weirdness & Mutations

You are resistant to damage.
You can heal yourself by infusing magical energy.
You passively map a small area around you.
You do not regenerate.


Message History

Your hobgoblin skeleton crumbles into dust!
Casting: Animate Skeleton (safe; 3% risk of failure)
Confirm with . or Enter, or press ? or * to list all spells.
You attempt to give life to the dead...
Before your eyes, flesh is ripped from the corpse!
The dead are walking!
You start resting.
Magic restored.
You start waiting.
Your kobold skeleton crumbles into dust!
Done waiting.
You start waiting.
Done waiting.
You start waiting.
Done waiting.
You start waiting.
Done waiting.
You start waiting.
Done waiting.
You start waiting.
Done waiting.
You start waiting.
Done waiting.
You open the door.
A rat comes into view.
There is an open door here.
You barely miss the rat. The rat barely misses you.
The rat completely misses you.
You closely miss the rat. The rat barely misses you.
You hit the rat.
You kill the rat!
Casting: Animate Skeleton (safe; 3% risk of failure)
Confirm with . or Enter, or press ? or * to list all spells.
There is nothing nearby to animate!
Casting: Animate Skeleton (safe; 3% risk of failure)
Confirm with . or Enter, or press ? or * to list all spells.
There is nothing nearby to animate!
There is an open door here.
You see here a +0 club.
Are you sure you want to abandon this character and quit the game? (Confirm with "yes".)

, ,,* #.# .# , ,,*#.#######
*.# , , #.......# #.# * ,
*#.......# ######.# * * * *
#.......# #....... ##### #
*#.......# #.####.#
##...###.##.......# #.#.....
##.....##..........# #.......
##.......####@......# #...#...
*
#.........####...######...#...
*
+....#....'....)......>.......
,
#...###...####...#######..##..
*##.## ##.## ##..# #..###. *
## ### ##.# #....>. * #.#
#...... #.# ######. * ,* * *
#.# #.


There were no monsters in sight!

Vanquished Creatures
  An endoplasm (D:1)
  A hobgoblin (D:1)
  A kobold (D:1)
  A rat (D:1)
4 creatures vanquished.

Notes
Turn   | Place    | Note
-------+----------+-------------------------------------------
     0 | D:1      | LadyOphelia the Deep Dwarf Necromancer began the quest for
                  | the Orb.
     0 | D:1      | Reached XP level 1. HP: 15/15 MP: 3/3
   990 | D:1      | Learned a level 1 spell: Animate Skeleton
  2169 | D:1      | Quit the game

Illustrated notes

Levels and vault maps discovered:
D:1:      dpeg_arrival_rooms_b, layout_loops_corners,
          shapermc_ecumenical_altar_pompeii, nrook_loot_triangle,
          lexackson_kobold_supper

Action                   || total
-------------------------++-------
Melee: Unarmed           ||    15
       Whip              ||     6
 Cast: Animate Skeleton  ||     2
       Pain              ||     1
 Abil: Heal Wounds       ||     1
Armor: Robe              ||     1
Dodge: Dodged            ||     8

Table legend: (Time is in decaauts)
 A = Elapsed time spent in this place.
 B = Non-inter-level travel time spent in this place.
 C = Inter-level travel time spent in this place.
 D = Time resting spent in this place.
 E = Time spent auto-exploring this place.
 F = Levels seen in this place.
 G = Mean time per level.
                   A        B        C        D        E       F      G
               +--------+--------+--------+--------+--------+-----+--------+
         Total |   2169 |   2169 |      0 |   1960 |     55 |   1 | 2169.0 |
       Dungeon |   2169 |   2169 |      0 |   1960 |     55 |   1 | 2169.0 |
               +--------+--------+--------+--------+--------+-----+--------+

Top non-repeatable levels by time:
     D:1: 2169 daAuts
